 Dungeon Crawl Stone Soup version 0.18-a0-900-gbbf5c82 (webtiles) character file.

97 deanyohobro the Charlatan (level 5, 0/40 HPs)
             Began as a Human Artificer on Dec 24, 2015.
             Slain by an orc
             ... wielding a +0 hand axe
              (1 damage)
             ... on level 4 of the Dungeon.
             The game lasted 00:11:02 (3804 turns).

deanyohobro the Charlatan (Human Artificer)         Turns: 3804, Time: 00:11:02

Health: 0/40       AC:  4    Str: 11    XL:     5   Next: 0%
Magic:  7/7        EV: 12    Int: 13    God:
Gold:   199        SH:  0    Dex: 14    Spells: 0 memorised, 4 levels left

rFire  . . .     SeeInvis .     a - +0 short sword
rCold  . . .     Gourm    .     b - +0 leather armour
rNeg   . . .     Faith    .     (no shield)
rPois  .         Spirit   .     (no helmet)
rElec  .         Dismiss  .     (no cloak)
rCorr  .         Reflect  .     r - +0 pair of gloves
SustAt .         Harm     .     (no boots)
MR     .....                    (no amulet)
Stlth  ++........               (no ring)
                                (no ring)

@: slowed, very slow, not resistant to hostile enchantments, unstealthy
A: no striking features
a: no special abilities


You were on level 4 of the Dungeon.
You were very hungry.

You visited 1 branch of the dungeon, and saw 4 of its levels.

You collected 199 gold pieces.

Inventory:

Hand Weapons
 a - a +0 short sword (weapon)
Armour
 b - a +0 leather armour (worn)
 r - a +0 pair of gloves (worn)
Wands
 c - a wand of flame (5/48)
 d - a wand of enslavement (10/24)
 e - a wand of random effects (14/48)
Scrolls
 h - a scroll of fog {unknown}
 n - 2 scrolls of remove curse
 q - 2 scrolls of magic mapping {unknown}
 s - a scroll of identify {unknown}
Potions
 g - a potion of agility {unknown}
 i - a potion of resistance {unknown}
 l - 3 potions of curing
 m - a potion of ambrosia {unknown}
 p - a potion of degeneration {unknown}
 t - 2 potions of poison {unknown}
 u - 2 potions of might {unknown}
 v - a potion of magic {unknown}
 w - a potion of invisibility {unknown}
Books
 o - a book of Summonings

   Spells                             Type                      Level
   a - Recall                         Summoning/Translocation      3
   b - Aura of Abjuration             Summoning                    5
   c - Shadow Creatures               Summoning                    5
   d - Summon Demon                   Summoning                    5
   e - Summon Forest                  Summoning/Translocation      5
   f - Summon Mana Viper              Hexes/Summoning              5
Comestibles
 f - 2 bread rations
 j - 2 beef jerkies
 k - 2 meat rations


   Skills:
 + Level 2.8 Fighting
 - Level 1.0 Short Blades
 - Level 2.0 Dodging
 + Level 2.3 Stealth
 + Level 3.9 Evocations


You had 4 spell levels left.
You didn't know any spells.

Dungeon Overview and Level Annotations

Branches:
Dungeon (4/15)
 Temple: D:4-7

Altars:
Cheibriados
The Shining One


Message History

Press: ? - help, Shift-Dir - straight line, f - you, p - orc wizard Really target yourself?
You feel yourself slow down.
This wand has 14 charges left.
The orc hits you with a hand axe.
* * * LOW HITPOINT WARNING * * *
The orc priest hits you with a flail.
* * * LOW HITPOINT WARNING * * *
The orc wizard closely misses you.
Evoke which item? (* to show all) (? for menu, Esc to quit)
Zapping:
d - a wand of enslavement (11/24)
Press: ? - help, Shift-Dir - straight line, f - orc priest
Aim: an orc priest, wielding a flail (chance to defeat MR: 53%)
The orc priest is charmed.
This wand has 10 charges left.
The orc hits you but does no damage.
The orc hits your orc priest but does no damage.
The orc wizard hits you with a dagger.
* * * LOW HITPOINT WARNING * * *
Your orc priest closely misses the orc wizard.
The orc hits you with a hand axe.
You die...

#.......# ....
#.......# >....
#.......# ....
#.......####...
#..........#
#.....%....#
#....$.....+
###..........####
#.....####@o....#
.. #.....#
#oo....# ...
#.....# #......+
... #.....#
#......# ...
#.....# #......#
...#+##.....#
#......#
........#+###
#........
........#
#######..
....<...+


You could see an orc wizard, an orc and a friendly orc priest.

Vanquished Creatures
  A gnoll (D:1)
  3 adders
  2 worms (D:3)
  2 giant geckos
  An orc (D:3)
  5 bats
  4 giant cockroaches
  4 goblins
  4 hobgoblins
  3 quokkas (D:3)
  A ball python (D:2)
  3 giant newts
  4 jackals (D:1)
  9 kobolds
  6 rats
52 creatures vanquished.

Notes
Turn   | Place    | Note
--------------------------------------------------------------
     0 | D:1      | deanyohobro the Human Artificer began the quest for the Orb.
     0 | D:1      | Reached XP level 1. HP: 15/15 MP: 3/3
   515 | D:1      | Reached XP level 2. HP: 14/21 MP: 4/4
  1125 | D:1      | Reached XP level 3. HP: 25/27 MP: 5/5
  1979 | D:2      | Reached XP level 4. HP: 17/34 MP: 6/6
  2675 | D:3      | Found a glowing golden altar of the Shining One.
  3305 | D:3      | Found a snail-covered altar of Cheibriados.
  3574 | D:3      | Reached XP level 5. HP: 34/40 MP: 7/7
  3804 | D:4      | HP: 1/40 [orc wizard/dagger (2)]
  3804 | D:4      | Slain by an orc

Vault maps used:
D:1:      tarquinn_simple_flora_water_a
D:3:      lemuel_doored_altar, tso_metal_star
D:4:      grunt_temple_overflow_opulence, kennysheep_mini_moat, serial_shops,
          shop, nicolae_shop_trees, nicolae_shop_stone

Action                   |  1- 3 |  4- 6 || total
-------------------------+-------+-------++-------
Melee: Short sword       |    97 |   118 ||   215
Evoke: Wand              |     6 |    10 ||    16
  Use: Potion            |     1 |       ||     1
       Scroll            |       |     4 ||     4
 Stab: Sleeping          |     1 |     2 ||     3
       Distracted        |       |     1 ||     1
  Eat: Chunk             |     3 |     5 ||     8
